 Dungeon Crawl Stone Soup version 0.19-a0-1714-gcab94ab (webtiles) character file.

207 epen the Poker (level 6, -4/48 HPs)
             Began as a Formicid Monk on Sept 28, 2016.
             Shot with an arrow by a centaur (10 damage)
             ... on level 5 of the Dungeon.
             The game lasted 00:04:03 (2879 turns).

epen the Poker (Formicid Monk)                      Turns: 2879, Time: 00:04:04

Health: -4/48      AC:  7    Str: 16 (17) XL:     6   Next: 10%
Magic:  6/6        EV: 11    Int:  8 (10) God:
Gold:   74         SH:  0    Dex: 10 (13) Spells: 0 memorised, 5 levels left

rFire  . . .     SeeInvis +     t - +3 quarterstaff (chaos)
rCold  + . .     Gourm    .     j - +0 ring mail
rNeg   . . .     Faith    .     (no shield)
rPois  .         Spirit   .     (helmet unavailable)
rElec  .         Dismiss  .     g - +0 cloak
rCorr  .         Reflect  .     (no gloves)
MR     +....     Harm     .     (no boots)
Stlth  +.........               (no amulet)
                                k - ring of protection from magic
                                o - ring of protection from cold

@: starving
A: permanent stasis, dig shafts and tunnels, four strong arms, antennae 3
a: Dig, Shaft Self


You were on level 5 of the Dungeon.
You were starving.

You visited 1 branch of the dungeon, and saw 4 of its levels.

You collected 74 gold pieces.

Inventory:

Hand Weapons
 a - a +0 spear
 t - a +3 quarterstaff of chaos (weapon)
Armour
 b - a +0 robe
 g - a +0 cloak (worn)
 j - a +0 ring mail (worn)
Jewellery
 k - a ring of protection from magic (right hand)
 o - a ring of protection from cold (left hand)
 s - an uncursed ring of positive energy {unknown}
Scrolls
 e - 5 scrolls of identify {unknown}
 f - a scroll of magic mapping {unknown}
 l - a scroll of recharging {unknown}
Potions
 d - a potion of invisibility {unknown}
 m - a potion of degeneration
 n - a potion of flight {unknown}
 p - a potion of lignification {unknown}
 r - a potion of brilliance {unknown}
Comestibles
 c - a bread ration
 h - a slice of pizza
 i - a beef jerky


   Skills:
 + Level 4.0 Fighting
 * Level 4.4 Polearms
 * Level 3.5 Armour
 + Level 3.1 Dodging
 - Level 2.4 Stealth


You had 5 spell levels left.
You didn't know any spells.

Dungeon Overview and Level Annotations

Branches:
Dungeon (3/15)

Altars:
Cheibriados
Gozag
Hepliaklqana

Annotations:
D:2 Natasha
D:5 Menkaure


Innate Abilities, Weirdness & Mutations

You are under a permanent stasis effect.
You can dig through walls and to a lower floor.
Your four strong arms can wield two-handed weapons with a shield.
You have a pair of large antennae on your head. (SInv)


Message History

The shaft crumbles and collapses.
A frilled lizard, 3 orcs, a centaur and Menkaure come into view.
An orc is wielding a falchion of holy wrath.
Menkaure shouts!
The orc shouts!
The frilled lizard hisses angrily.
The centaur shouts!
Found a stone staircase leading up.
You hit Menkaure but do no damage.
The centaur wields a shortbow.
The centaur shoots an arrow.
The arrow hits you!
* * * LOW HITPOINT WARNING * * *
An orc wizard comes into view. It is wielding a dagger.
You barely miss Menkaure.
The orc wizard shouts!
The centaur shoots an arrow.
The arrow hits you.
* * * LOW HITPOINT WARNING * * *
Menkaure calls on the powers of darkness!
Your body is wracked with pain!
* * * LOW HITPOINT WARNING * * *
The orc convulses! x2; The centaur convulses!
The orc convulses!
The orc wizard convulses!
The centaur shoots an arrow.
The arrow hits you!
You die...

##...
##...o##
##...o..##
#.....o..#
.......o.#
.........#
......l..#
......M@.#
#........#
#.<......#
#........#
##.......#
#...c...#
##......#
##....##


You could see Menkaure, a centaur, an orc wizard, 3 orcs and a frilled lizard.

Vanquished Creatures
  Crazy Yiuf (D:2)
  Natasha (twice) (D:2)
  4 adders (D:2)
  An ooze (D:2)
  4 worms (D:2)
  3 dart slugs
  A leopard gecko (D:1)
  3 orcs (D:3)
  10 bats
  A giant cockroach (D:1)
  7 goblins
  10 hobgoblins
  2 jackals (D:1)
  2 quokkas (D:2)
  A ball python (D:1)
  6 frilled lizards
  6 kobolds
  6 rats
  2 fungi (D:2)
72 creatures vanquished.

Notes
Turn   | Place    | Note
-------+----------+-------------------------------------------
     0 | D:1      | epen the Formicid Monk began the quest for the Orb.
     0 | D:1      | Reached XP level 1. HP: 18/18 MP: 1/1
   137 | D:1      | Reached XP level 2. HP: 24/24 MP: 2/2
   481 | D:1      | Reached skill level 1 in Armour
   504 | D:1      | Reached XP level 3. HP: 29/29 MP: 3/3
  1119 | D:2      | Reached XP level 4. HP: 19/35 MP: 4/4
  1300 | D:2      | Noticed Natasha
  1316 | D:2      | Killed Natasha
  1455 | D:2      | Noticed Natasha
  1479 | D:2      | Killed Natasha
  1479 | D:2      | Reached XP level 5. HP: 29/42 MP: 5/5
  1606 | D:2      | Found a faded altar of an unknown god.
  1990 | D:2      | Found a hazy altar of Hepliaklqana.
  2380 | D:2      | Found a snail-covered altar of Cheibriados.
  2407 | D:2      | Found an opulent altar of Gozag.
  2425 | D:2      | Noticed Natasha
  2633 | D:2      | Found a runed door.
  2637 | D:2      | Noticed Crazy Yiuf
  2646 | D:2      | Killed Crazy Yiuf
  2646 | D:2      | Reached XP level 6. HP: 35/48 MP: 6/6
  2877 | D:3      | You fall through a shaft for 2 floors!
  2877 | D:5      | Entered Level 5 of the Dungeon
  2877 | D:5      | Noticed Menkaure
  2879 | D:5      | Shot with an arrow by a centaur

Vault maps used:
D:1:      dpeg_arrival_chambers_temple_mockup
D:2:      nicolae_overflow_hidden_temple, old_standard_altar,
          overflow_temple_1_default, ecumenical_altar_2,
          uniq_crazy_yiuf_cottage, uniq_natasha
D:3:      lemuel_doored_altar, lemuel_round_altar, minitemple,
          amethyst_killhole, grunt_dithmenos_smoke
D:5:      lemuel_insect_pit, first_bread, uniq_duvessa, uniq_menkaure,
          uniq_grinder, uniq_sigmund

Skill      XL: |  1  2  3  4  5 |
---------------+----------------+-----
Armour         | 1 2 3 |  3.5
Dodging        | 3 |  3.1
Polearms       | 4 |  4.4
Fighting       | 4 |  4.0
Stealth        | |  2.4

Action                   |  1- 3 |  4- 6 || total
-------------------------+-------+-------++-------
Melee: Spear             |   126 |   259 ||   385
       Unarmed           |       |    17 ||    17
       Quarterstaff      |       |    12 ||    12
 Abil: Dig               |       |    10 ||    10
       Shaft Self        |       |     1 ||     1
  Use: Potion            |       |     3 ||     3
 Stab: Sleeping          |     6 |     1 ||     7
  Eat: Chunk             |     1 |     4 ||     5
       Pizza             |       |     1 ||     1
Armor: Robe              |    12 |       ||    12
       Ring mail         |    12 |    58 ||    70
       Skin              |       |     1 ||     1
Dodge: Dodged            |    51 |   122 ||   173
